 Dungeon Crawl Stone Soup version 0.23.0-28-g6fe0f4d (webtiles) character file.

Game seed: 8200097270349462115

97688 DarkinPup the Carver (level 15, -3/121 HPs)
             Began as a Demonspawn Gladiator on Feb 25, 2019.
             Was the Champion of Okawaru.
             Slain by a spriggan rider
             ... wielding a +0 spear of venom
              (12 damage)
             ... on level 3 of the Swamp on Feb 26, 2019.
             The game lasted 01:42:14 (25208 turns).

DarkinPup the Carver (Demonspawn Gladiator)        Turns: 25208, Time: 01:42:16

Health: -3/121     AC: 22    Str: 18    XL:     15   Next: 72%
Magic:  21/21      EV: 16    Int: 14    God:    Okawaru [******]
Gold:   1518       SH:  0    Dex: 29    Spells: 14/14 levels left

rFire    + . .     SeeInvis .   X - +8 great sword
rCold    . . .     Gourm    .   (shield currently unavailable)
rNeg     + . .     Faith    .   E - +3 plate armour "Zaqej" {rElec rN+ Int+3 Slay+4}
rPois    .         Spirit   .   Q - +1 hat {MR+}
rElec    +         Reflect  .   B - scarf {repulsion}
rCorr    .         Harm     .   p - +2 pair of gloves
MR       ++...                  (boots unavailable)
Stlth    ..........             C - amulet of regeneration
HPRegen  1.10/turn              k - +4 ring of dexterity
MPRegen  0.17/turn              I - +5 ring of dexterity

@: lethally poisoned (-3 -> -35), repel missiles
A: beak, talons 3, thin skeletal structure 2, demonic guardian 2, fire
resistance 1, regeneration 1, evolution 1
a: Heroism, Finesse, Renounce Religion


You were on level 3 of the Swamp.
You worshipped Okawaru.
Okawaru was exalted by your worship.
You were very hungry.

You visited 5 branches of the dungeon, and saw 26 of its levels.

You collected 2536 gold pieces.
You spent 1018 gold pieces at shops.

Inventory:

Hand Weapons
 e - a +0 scimitar of flaming
 X - a +8 great sword (weapon)
Missiles
 c - 7 tomahawks of returning (quivered)
 d - 2 throwing nets
 u - 4 steel javelins
 w - 5 steel tomahawks
Armour
 a - the +5 ring mail of Zickui {rF- Dex+4}
   (You found it on level 10 of the Dungeon)

   It affects your dexterity (+4).
   It makes you vulnerable to fire.
 p - a +2 pair of gloves (worn)
 B - a scarf of repulsion (worn)
 D - a scarf of cloud immunity
 E - the +3 plate armour "Zaqej" (worn) {rElec rN+ Int+3 Slay+4}
   (Okawaru gifted it to you on level 5 of the Lair of Beasts)

   It affects your intelligence (+3).
   It affects your accuracy and damage with ranged weapons and melee attacks
   (+4).
   It insulates you from electricity.
   It protects you from negative energy.
 O - the +8 orange crystal plate armour {Archmagi, Int+3 Clar}
   (Okawaru gifted it to you on level 1 of the Swamp)

   It affects your intelligence (+3).
   It protects you against confusion.
 Q - a +1 hat of magic resistance (worn)
 Z - a scarf of resistance
Jewellery
 k - a +4 ring of dexterity (left hand)
 l - an uncursed ring of poison resistance
 r - an uncursed ring of fire
 A - an uncursed ring of ice
 C - an amulet of regeneration (around neck)
 I - a +5 ring of dexterity (right hand)
 S - an uncursed ring of resist corrosion
 U - an uncursed ring of protection from magic
Wands
 b - a wand of polymorph (12)
 v - a wand of digging (15)
 z - a wand of enslavement (20)
 L - a wand of flame (61)
 P - a wand of iceblast (17)
 T - a wand of paralysis (9)
Scrolls
 i - 5 scrolls of teleportation
 m - 2 scrolls of fear
 n - 7 scrolls of fog
 s - 9 scrolls of remove curse
 t - 7 scrolls of magic mapping
 y - 5 scrolls of amnesia
 G - a scroll of blinking
 J - 3 scrolls of summoning
 K - a scroll of immolation
 Y - 3 scrolls of identify
Potions
 g - 3 potions of invisibility
 h - 6 potions of curing
 j - 2 potions of flight
 o - 4 potions of brilliance
 q - a potion of resistance
 x - 7 potions of lignification
 F - 2 potions of berserk rage
 H - 5 potions of heal wounds
 M - 2 potions of haste
 N - 2 potions of might
 V - a potion of cancellation
Miscellaneous
 R - a box of beasts
 W - a phial of floods
Comestibles
 f - 32 rations


   Skills:
 + Level 12.3 Fighting
 * Level 14.7 Long Blades
 + Level 2.5 Throwing
 + Level 11.5 Armour
 + Level 13.6 Dodging
 - Level 8.4 Invocations


You had 14 spell levels left.
You didn't know any spells.
Your spell library contained the following spells:

 Spells                   Type           Power        Failure   Level  Hunger
 Flame Tongue             Conj/Fire      #....        99%         1    ##.....
 Magic Dart               Conj           #...         99%         1    ##.....
 Ensorcelled Hibernation  Hex/Ice        #.....       100%        2    ###....
 Poisonous Vapours        Pois/Air       #.....       100%        2    ###....
 Searing Ray              Conj           #.....       100%        2    ###....
 Throw Flame              Conj/Fire      #.....       100%        2    ###....
 Conjure Flame            Conj/Fire      #.......     100%        3    ####...
 Dazzling Spray           Conj/Hex       #.....       100%        3    ####...
 Inner Flame              Hex/Fire       #.......     100%        3    ####...
 Mephitic Cloud           Conj/Pois/Air  #.......     100%        3    ####...
 Cause Fear               Hex            #.........   100%        4    #####..
 Force Lance              Conj/Tloc      #.......     100%        4    #####..
 Fulminant Prism          Conj/Hex       #.........   100%        4    #####..
 Ice Form                 Ice/Tmut       #.......     100%        4    #####..
 Iskenderun's Mystic Bla  Conj           #.......     100%        4    #####..
 Sticky Flame             Conj/Fire      #.......     100%        4    #####..
 Borgnjor's Vile Clutch   Necr/Erth      #.........   100%        5    ######.
 Fireball                 Conj/Fire      #.........   100%        5    ######.
 Metabolic Englaciation   Hex/Ice        #.........   100%        5    ######.
 Silence                  Hex/Air        #.........   100%        5    ######.
 Yara's Violent Unravell  Hex/Tmut       #.........   100%        5    ######.
 Bolt of Cold             Conj/Ice       #.........   100%        6    #######
 Darkness                 Hex            #.........   100%        6    #######
 Deflect Missiles         Chrm/Air       #.........   100%        6    #######
 Freezing Cloud           Conj/Ice/Air   #.........   100%        6    #######
 Ozocubu's Refrigeration  Ice            #.........   100%        6    #######
 Shadow Creatures         Summ           N/A          100%        6    #######
 Simulacrum               Ice/Necr       #.........   100%        6    #######
 Ring of Flames           Chrm/Fire      #.........   100%        7    #######
 Discord                  Hex            #.........   100%        8    #######


Dungeon Overview and Level Annotations

Branches:
Dungeon (14/15)            Temple (1/1) D:5            Lair (6/6) D:9
  Swamp (3/4) Lair:3       Spider (0/4) Lair:4        Slime (0/5) Lair:5
    Orc (2/2) D:11            Elf (0/3) Orc:2        Vaults (0/5) D:14

Altars:
Ashenzari
Cheibriados
Dithmenos
Elyvilon
Fedhas
Gozag
Hepliaklqana
Kikubaaqudgha
Makhleb
Okawaru
Ru
Sif Muna
Uskayaw
Wu Jian
Xom
Zin
The Shining One
Jiyva

Shops:
D:14 %   Orc:1 ?   Orc:2 }*(=[

Annotations:
D:4 3 runed translucent doors, flotson's ghost, amateur DsHu
Lair:1 exclusion: oklob plant


Innate Abilities, Weirdness & Mutations

You have claws for feet.
You have a moderately thin skeletal structure. (Dex +4, Stealth+)
A demonic guardian rushes to your aid.
Your flesh is heat resistant. (rF+)
You have a beak for a mouth.
Your natural rate of healing is unusually fast.
You evolve.


Message History

You slice the bog body!!
You destroy the bog body!
Okawaru accepts your kill.
* * * LOW HITPOINT WARNING * * *
You feel very sick.
Your ice devil barely misses the alligator.
The alligator bites your ice devil!
The alligator tail-slaps your ice devil.
The spriggan rider hits you but does no damage.
You are more poisoned.
The alligator closely misses your ice devil.
The alligator tail-slaps your ice devil but does no damage.
* * * LOW HITPOINT WARNING * * *
You feel very sick.
Your ice devil hits the alligator!
Your ice devil freezes the alligator!
The alligator seems to slow down.
The alligator bites your ice devil but does no damage.
The alligator tail-slaps your ice devil.
The spriggan rider hits you from afar with a +0 spear of venom!
You die...

♣.≈. .. ♣♣♣♣♣.?♣
≈!♣
♣≈.♣≈.≈♣♣♣♣♣≈♣♣≈
≈.....≈≈≈.....%. ♣
♣♣..♣≈≈≈≈≈≈...§. ..
♣≈<.≈t.≈≈≈≈..≈≈.
..≈♣...♣♣4..§≈.≈≈≈.
....≈...†i.@....≈.♣
.....≈≈.≈≈4..≈?..≈≈
.....≈≈.≈≈...♣♣♣≈♣♣
..§≈.≈.......♣
≈.♣.≈≈......♣♣ ≈
♣♣.≈.≈≈..♣♣
♣≈..§.≈.♣ ♣.....≈♣♣
♣...≈.≈.


You could see an alligator, a spriggan rider and 2 friendly ice devils.

Vanquished Creatures
  Nikola (Swamp:1)
  Rupert (D:14)
  Jorgrun (Swamp:2)
  A stone giant (D:8)
  3 hydras
  A shambling mangrove (Swamp:2)
  2 centaur warriors
  3 alligators
  A ghost crab (Swamp:1)
  3 two-headed ogres
  Erica (D:8)
  3 death yaks
  An unseen horror (D:11)
  A phantasmal warrior (D:14)
  3 swamp dragons
  2 orc knights
  3 orc sorcerers (Orc:2)
  A wolf spider zombie (D:11)
  An ugly thing (D:12)
  2 cyclopes
  A deep elf mage (D:14)
  12 elephants
  4 black mambas
  A torpor snail (Lair:4)
  Maurice (Orc:2)
  A gargoyle (D:14)
  10 spiny frogs
  6 komodo dragons
  4 yaktaurs (D:13)
  3 rime drakes
  2 freezing wraiths (D:14)
  5 polar bears
  11 hornets
  2 tyrant leeches
  A jumping spider (Lair:4)
  5 blink frogs
  2 bog bodies
  6 trolls
  3 slime creatures (Swamp:1)
  7 hippogriffs
  A dream sheep (Lair:4)
  2 redbacks (Lair:4)
  13 spriggans
  A vampire (D:14)
  39 yaks
  12 humans (D:14)
  5 wraiths
  2 wyverns
  13 vampire mosquitoes
  5 basilisks
  7 hungry ghosts
  A spectral komodo dragon (Lair:3)
  A steam dragon (D:11)
  7 swamp worms
  A warg (D:11)
  6 insubstantial wisps (Swamp:2)
  An acid dragon (D:14)
  9 porcupines
  4 water moccasins
  A swamp drake (Swamp:1)
  4 black bears
  33 orc warriors
  4 sky beasts
  4 ice beasts
  2 phantoms (D:7)
  A black mamba simulacrum (Lair:3)
  A necrophage (D:13)
  14 wolves
  29 centaurs
  5 boggarts (Lair:6)
  11 ogres
  10 crocodiles
  12 bullfrogs
  2 spiny frog simulacra (Lair:3)
  A wyvern skeleton (D:8)
  6 scorpions
  5 killer bees
  4 wights (D:12)
  4 howler monkeys
  6 electric eels
  A torpor snail simulacrum (Lair:3)
  3 centaur zombies
  5 crimson imps
  A bullfrog skeleton (D:8)
  5 bullfrog zombies
  17 orc priests
  10 orc wizards
  3 centaur skeletons
  10 hounds
  6 jellies
  4 iguanas
  10 worker ants
  A hound zombie (D:5)
  A hound skeleton (D:6)
  A worker ant zombie (D:5)
  14 gnolls
  12 adders
  5 shadow imps
  A white imp (D:8)
  An ufetubus (D:8)
  8 oozes
  4 worms (D:3)
  An adder simulacrum (D:8)
  A dart slug (D:3)
  10 leopard geckos
  81 orcs
  5 bats
  5 giant cockroaches
  10 goblins
  6 hobgoblins
  10 jackals
  3 quokkas
  2 ball pythons
  3 frilled lizards
  3 kobolds
  A quokka skeleton (D:4)
  8 rats
683 creatures vanquished.

Vanquished Creatures (collateral kills)
  An orc warlord (D:11)
  Snorg (D:11)
  An ettin (Orc:1)
  Josephine (Lair:6)
  The ghost of CrypticCrinoid the Basher, a journeyman MiBe of Trog (Lair:2)
  3 hydras
  The ghost of Strat the Unseen, a journeyman KoVM of Wu Jian (Lair:3)
  A catoblepas (Lair:3)
  2 alligators
  4 two-headed ogres
  A centaur warrior (D:13)
  A death yak (Lair:5)
  A death knight (D:14)
  Urug (D:14)
  An unseen horror (D:14)
  A spectral hydra (Lair:3)
  An orc knight (Orc:2)
  3 cyclopes
  4 ugly things
  A black mamba (Lair:2)
  21 elephants
  Psyche (D:10)
  2 spiny frogs
  A komodo dragon (Lair:6)
  A jumping spider (Lair:4)
  A meliai (shapeshifter) (D:13)
  2 trolls
  3 hornets
  3 blink frogs
  A wraith (D:14)
  2 redbacks (Lair:4)
  A spriggan (Lair:6)
  A spectral fire crab (Lair:3)
  4 humans (D:14)
  9 yaks
  A vampire mosquito (D:12)
  A water moccasin (Lair:2)
  10 orc warriors
  2 porcupines
  An ice beast (D:5)
  A phantom (D:11)
  An ogre (D:8)
  4 wolves (Lair:6)
  3 centaurs
  2 crocodiles
  3 bullfrogs
  An orc priest (D:12)
  A hound zombie (D:11)
  2 white imps (D:8)
  8 orcs
125 creatures vanquished.

Vanquished Creatures (others)
  An orc knight (D:8)
  A tyrant leech (Swamp:1)
  An orc warrior (D:8)
  A swamp drake (Swamp:1)
  An orc priest (Orc:1)
  An orc wizard (Orc:1)
  A white imp (D:8)
  5 fungi
  A plant (Lair:5)
13 creatures vanquished.

Grand Total: 821 creatures vanquished

Notes
Turn   | Place    | Note
-------+----------+-------------------------------------------
     0 | D:1      | DarkinPup the Demonspawn Gladiator began the quest for the
                  | Orb.
     0 | D:1      | Reached XP level 1. HP: 16/16 MP: 1/1
   111 | D:1      | Gained mutation: A weak demonic guardian rushes to your
                  | aid. [demonic ancestry]
   111 | D:1      | Reached XP level 2. HP: 20/22 MP: 2/2
   172 | D:1      | Reached skill level 3 in Long Blades
   765 | D:1      | Gained mutation: You have a somewhat thin skeletal
                  | structure. (Dex +2, Stealth) [demonic ancestry]
   765 | D:1      | Reached XP level 3. HP: 28/28 MP: 3/3
  1108 | D:2      | Reached XP level 4. HP: 35/35 MP: 4/4
  1454 | D:3      | Found an ancient bone altar of Kikubaaqudgha.
  1678 | D:3      | Found a burning altar of Makhleb.
  2082 | D:3      | Found a white marble altar of Elyvilon.
  2083 | D:3      | Found a glowing silver altar of Zin.
  2084 | D:3      | Found a glowing golden altar of the Shining One.
  2209 | D:3      | Found a shadowy altar of Dithmenos.
  2214 | D:3      | Found an opulent altar of Gozag.
  2296 | D:4      | Reached XP level 5. HP: 14/41 MP: 5/5
  2572 | D:4      | Noticed flotson's ghost (amateur DsHu)
  2574 | D:4      | Found a runed translucent gate.
  2574 | D:4      | Found a runed translucent gate.
  2575 | D:4      | Found a runed translucent gate.
  2681 | D:4      | Reached skill level 4 in Long Blades
  3239 | D:4      | Reached XP level 6. HP: 48/48 MP: 6/6
  3613 | D:5      | Entered Level 5 of the Dungeon
  4029 | D:5      | Noticed an ice beast
  4042 | D:5      | Killed an ice beast
  4042 | D:5      | Gained mutation: You have a moderately thin skeletal
                  | structure. (Dex +4, Stealth+) [demonic ancestry]
  4042 | D:5      | Reached XP level 7. HP: 47/55 MP: 7/7
  4170 | D:5      | Reached skill level 1 in Armour
  4620 | D:5      | Found a staircase to the Ecumenical Temple.
  4630 | Temple   | Entered the Ecumenical Temple
  4636 | Temple   | Became a worshipper of Warmaster Okawaru
  4652 | D:5      | Reached skill level 5 in Long Blades
  4698 | D:5      | Reached skill level 5 in Fighting
  4698 | D:5      | Reached skill level 5 in Dodging
  5738 | D:6      | Gained mutation: You have sharp toenails. [demonic
                  | ancestry]
  5738 | D:6      | Reached XP level 8. HP: 62/62 MP: 8/8
  5860 | D:6      | Reached * piety under Okawaru
  6152 | D:6      | Found a hazy altar of Hepliaklqana.
  6424 | D:7      | Found a deep blue altar of Sif Muna.
  6547 | D:7      | Reached ** piety under Okawaru
  6547 | D:7      | Reached skill level 6 in Long Blades
  6894 | D:7      | Reached skill level 9 in Long Blades
  6894 | D:7      | Reached XP level 9. HP: 74/74 MP: 9/9
  7019 | D:8      | Reached XP level 10. HP: 67/80 MP: 10/10
  7505 | D:8      | Reached *** piety under Okawaru
  7549 | D:8      | HP: 2/80 [wyvern skeleton (5)]
  7973 | D:8      | Noticed Erica
  7986 | D:8      | Was placed under penance by Okawaru
  8015 | D:8      | Killed Erica
  8277 | D:8      | Upgraded the game from 0.23.0-3-gf3c87f2 to
                  | 0.23.0-28-g6fe0f4d
  8446 | D:8      | Reached skill level 5 in Armour
  8594 | D:8      | Noticed a stone giant
  8594 | D:8      | Noticed an orc knight
  8628 | D:8      | Killed a stone giant
  8997 | D:9      | Found a hazy altar of Hepliaklqana.
  9039 | D:9      | Found a staircase to the Lair.
  9458 | D:9      | Gained mutation: A demonic guardian rushes to your aid.
                  | [demonic ancestry]
  9458 | D:9      | Reached XP level 11. HP: 67/87 MP: 11/11
  9637 | D:10     | Entered Level 10 of the Dungeon
  9799 | D:10     | Got an opal-encrusted ring mail
  9811 | D:10     | Was forgiven by Okawaru
  9827 | D:10     | Identified the +5 ring mail of Zickui {rF- Dex+4} (You
                  | found it on level 10 of the Dungeon)
  9849 | D:10     | Reached skill level 10 in Dodging
  9935 | D:10     | Noticed Psyche
  9968 | D:10     | Killed Psyche
  9980 | D:10     | Reached skill level 10 in Long Blades
 10236 | D:10     | You fall through a shaft for 3 floors!
 10262 | D:13     | Noticed a centaur warrior
 10266 | D:13     | Killed a centaur warrior
 10357 | D:13     | Noticed a centaur warrior
 10365 | D:13     | Killed a centaur warrior
 10474 | D:13     | Noticed a two-headed ogre
 10510 | D:13     | Killed a two-headed ogre
 10510 | D:13     | Reached **** piety under Okawaru
 10632 | D:12     | Noticed a two-headed ogre
 10673 | D:12     | Reached ***** piety under Okawaru
 10694 | D:12     | Noticed a two-headed ogre
 10708 | D:12     | Killed a two-headed ogre
 10708 | D:12     | Received a gift from Okawaru
 10741 | D:12     | Noticed a two-headed ogre
 10749 | D:12     | Killed a two-headed ogre
 10749 | D:12     | Gained mutation: Your flesh is heat resistant. (rF+)
                  | [demonic ancestry]
 10749 | D:12     | Reached XP level 12. HP: 47/96 MP: 12/12
 11079 | D:11     | Reached skill level 11 in Long Blades
 11080 | D:11     | Noticed a two-headed ogre
 11088 | D:11     | Killed a two-headed ogre
 11278 | D:11     | Noticed Snorg
 11293 | D:11     | Killed Snorg
 11410 | D:11     | Noticed a two-headed ogre
 11433 | D:11     | Killed a two-headed ogre
 11497 | D:11     | Found a staircase to the Orcish Mines.
 11934 | D:12     | Killed a two-headed ogre
 12351 | D:13     | Reached skill level 10 in Fighting
 12471 | D:13     | Received a gift from Okawaru
 12472 | D:13     | Got a scorched dagger {god gift}
 12886 | D:14     | Found a gate to the Vaults.
 12886 | D:14     | Noticed a centaur warrior
 12886 | D:14     | Noticed Rupert
 12886 | D:14     | Noticed Urug
 12953 | D:14     | Found Zidat's Food Shoppe.
 12970 | D:14     | Got a pair of pitted gloves
 13017 | D:14     | Killed Urug
 13134 | D:14     | Noticed a two-headed ogre
 13141 | D:14     | Killed a two-headed ogre
 13148 | D:14     | Gained mutation: You have razor-sharp toenails. [demonic
                  | ancestry]
 13148 | D:14     | Reached XP level 13. HP: 103/103 MP: 13/13
 13257 | D:14     | Received a gift from Okawaru
 13260 | D:14     | Reached ****** piety under Okawaru
 13277 | D:14     | Identified the cursed +0 pair of gloves of the Earth
                  | {*Corrode Int+4 Stlth+} (You found it on level 14 of the
                  | Dungeon)
 13373 | D:14     | Reached skill level 12 in Long Blades
 13783 | D:14     | Paralysed by Rupert for 2 turns
 13797 | D:14     | Paralysed by Rupert for 4 turns
 13803 | D:14     | Killed Rupert
 13864 | D:14     | Found a shattered altar of Ashenzari.
 13959 | D:14     | Identified the +1 ring mail of Fortification {rC- rCorr
                  | Stlth+}
 14490 | Lair:1   | Entered Level 1 of the Lair of Beasts
 14627 | Lair:1   | Received a gift from Okawaru
 15094 | Lair:2   | Found a transporter.
 15102 | Lair:2   | Found a transporter.
 15102 | Lair:2   | Noticed CrypticCrinoid's ghost (journeyman MiBe)
 15124 | Lair:2   | Killed CrypticCrinoid's ghost
 15124 | Lair:2   | Reached skill level 1 in Invocations
 15607 | Lair:2   | Reached skill level 10 in Armour
 15649 | Lair:2   | Received a gift from Okawaru
 16293 | Lair:3   | Found a staircase to the Swamp.
 16334 | Lair:3   | Found a runed translucent gate.
 16470 | Lair:3   | Received a gift from Okawaru
 16477 | Lair:3   | Got a tiger eye-encrusted plate armour {god gift}
 16488 | Lair:3   | Identified the +0 plate armour of Jinarphik {Int+6}
                  | (Okawaru gifted it to you on level 3 of the Lair of Beasts)
 16553 | Lair:3   | Found a runed translucent gate.
 16553 | Lair:3   | Found a runed translucent gate.
 16553 | Lair:3   | Noticed Strat's ghost (journeyman KoVM)
 17140 | Lair:3   | Killed Strat's ghost
 17143 | Lair:3   | Reached XP level 14. HP: 46/111 MP: 16/16
 17582 | Lair:4   | Gained mutation: Your spells are a little harder to cast,
                  | but a little more powerful. [potion of mutation]
 17582 | Lair:4   | Gained mutation: You possess an exceptional clarity of
                  | mind. [potion of mutation]
 17672 | Lair:4   | Reached skill level 13 in Long Blades
 17790 | Lair:4   | Found a hole to the Spider Nest.
 17992 | Lair:4   | Received a gift from Okawaru
 18024 | Lair:4   | Reached skill level 5 in Invocations
 18634 | Lair:5   | Found a staircase to the Slime Pits.
 18634 | Lair:5   | Found a viscous altar of Jiyva.
 18648 | Lair:5   | Received a gift from Okawaru
 18649 | Lair:5   | Got a scorched plate armour {god gift}
 18660 | Lair:5   | Identified the +3 plate armour "Zaqej" {rElec rN+ Int+3
                  | Slay+4} (Okawaru gifted it to you on level 5 of the Lair of
                  | Beasts)
 19631 | Lair:6   | Entered Level 6 of the Lair of Beasts
 19904 | Lair:6   | Noticed Josephine
 19912 | Lair:6   | Killed Josephine
 20360 | Lair:6   | Received a gift from Okawaru
 20405 | Lair:6   | Paralysed by a hornet for 3 turns
 21171 | Orc:1    | Entered Level 1 of the Orcish Mines
 21193 | Orc:1    | Noticed an orc warlord
 21202 | D:11     | Gained mutation: You have claws for feet. [demonic
                  | ancestry]
 21202 | D:11     | Reached XP level 15. HP: 43/120 MP: 20/20
 21328 | D:11     | Killed an orc warlord
 21328 | D:11     | Reached skill level 14 in Long Blades
 21339 | Orc:1    | Received a gift from Okawaru
 21689 | Orc:1    | Found Tiamuif's Magic Scroll Shop.
 21715 | Orc:1    | Bought a scroll of identify for 24 gold pieces
 21715 | Orc:1    | Bought a scroll of identify for 24 gold pieces
 21715 | Orc:1    | Bought a scroll of identify for 24 gold pieces
 21715 | Orc:1    | Bought a scroll of teleportation for 36 gold pieces
 21715 | Orc:1    | Bought a scroll of identify for 24 gold pieces
 21726 | Orc:1    | You fall through a shaft!
 21726 | Orc:2    | Entered Level 2 of the Orcish Mines
 22081 | Orc:2    | HP: 2/120 [orc warrior/bolt (20)]
 22358 | Orc:2    | Found Iryush's Weapon Emporium.
 22358 | Orc:2    | Found Ulethrewn's General Store.
 22360 | Orc:2    | Found Iphutt's Gadget Shop.
 22362 | Orc:2    | Found Kudox's Jewellery Shoppe.
 22374 | Orc:2    | Bought a +5 ring of dexterity for 535 gold pieces
 22374 | Orc:2    | Bought a +4 ring of dexterity for 351 gold pieces
 22418 | Orc:2    | Found Ozuuwyf's Antique Armour Boutique.
 22425 | Orc:2    | Paralysed by an orc sorcerer for 4 turns
 22544 | Orc:2    | Noticed Maurice
 22555 | Orc:2    | Killed Maurice
 22575 | Orc:2    | Found a staircase to the Elven Halls.
 23014 | Orc:1    | Found a deep blue altar of Sif Muna.
 23226 | Orc:1    | Got a fine helmet {god gift}
 23242 | Orc:1    | Identified the +0 helmet of Jeacatuc {rC++ Str+3 Stlth+}
                  | (Okawaru gifted it to you on level 1 of the Orcish Mines)
 23450 | Swamp:1  | Entered Level 1 of the Swamp
 23491 | Swamp:1  | Lost mutation: Your spells are a little harder to cast, but
                  | a little more powerful. [potion of mutation]
 23491 | Swamp:1  | Lost mutation: You possess an exceptional clarity of mind.
                  | [potion of mutation]
 23491 | Swamp:1  | Gained mutation: You evolve. [potion of mutation]
 23491 | Swamp:1  | Gained mutation: Your natural rate of healing is unusually
                  | fast. [potion of mutation]
 23491 | Swamp:1  | Gained mutation: You have a beak for a mouth. [potion of
                  | mutation]
 23493 | Swamp:1  | Noticed Nikola
 23504 | Swamp:1  | Killed Nikola
 24003 | Swamp:1  | Received a gift from Okawaru
 24004 | Swamp:1  | Found the +8 orange crystal plate armour {Archmagi, Int+3
                  | Clar}
 24482 | Swamp:2  | Paralysed by a hornet for 2 turns
 24813 | Swamp:2  | Noticed Jorgrun
 24829 | Swamp:2  | Killed Jorgrun
 25203 | Swamp:3  | HP: 4/121 [alligator (16)]
 25208 | Swamp:3  | Slain by a spriggan rider

Skill      XL: |  1  2  3  4  5  6  7  8  9 10 11 12 13 14 15 |
---------------+----------------------------------------------+-----
Dodging        | 3 4 5 9 10 11 12 13 | 13.6
Long Blades    | 3 4 5 9 10 11 12 13 14 | 14.7
Fighting       | 3 4 5 8 9 10 11 12 | 12.3
Armour         | 2 4 5 7 9 10 11 | 11.5
Invocations    | 3 7 8 |  8.4
Throwing       | 2 |  2.5

Action                   |  1- 3 |  4- 6 |  7- 9 | 10-12 | 13-15 || total
-------------------------+-------+-------+-------+-------+-------++-------
Melee: Long sword        |    87 |       |       |       |       ||    87
       Falchion          |    10 |   278 |   319 |   474 |       ||  1081
       Kick              |       |       |    64 |   495 |   602 ||  1161
       Scimitar          |       |       |       |   457 |   513 ||   970
       Punch             |       |       |       |       |     1 ||     1
       Great sword       |       |       |       |       |   495 ||   495
       Peck              |       |       |       |       |    47 ||    47
Throw: Throwing net      |       |       |       |     3 |       ||     3
       Tomahawk          |       |       |       |       |    15 ||    15
       Javelin           |       |       |       |       |     1 ||     1
Invok: Heroism           |       |       |       |       |     5 ||     5
       Finesse           |       |       |       |       |     1 ||     1
Evoke: Wand              |       |       |       |     3 |       ||     3
  Use: Scroll            |       |    10 |     5 |     5 |    17 ||    37
       Potion            |       |       |     2 |     4 |     7 ||    13
 Stab: Sleeping          |     2 |     8 |     5 |    12 |     5 ||    32
       Distracted        |       |     3 |     2 |     7 |     4 ||    16
       Held in net/web   |       |       |       |     3 |       ||     3
  Eat: Chunk             |     1 |     6 |     9 |    22 |    32 ||    70
       Ration            |       |     1 |       |     4 |     2 ||     7
Armor: Leather armour    |    24 |    81 |   116 |    97 |       ||   318
       Ring mail         |       |       |       |   135 |    88 ||   223
       Plate armour      |       |       |       |       |   344 ||   344
Dodge: Dodged            |    77 |   181 |   295 |   734 |   920 ||  2207
       Deflected         |       |       |       |       |    16 ||    16
Block: Buckler           |       |       |       |    82 |    25 ||   107
       Reflection        |       |       |       |       |     2 ||     2
       Rpst.: Long sword |    23 |       |       |       |       ||    23
       Falchion          |     4 |    64 |    99 |    82 |       ||   249
       Scimitar          |       |       |       |   108 |   120 ||   228
       Great sword       |       |       |       |       |   112 ||   112
